Map: Kairos Junction LE

Players

deribou - Winner!

  • Race: Terran Terran
  • League: Diamond
  • Spawn Location: 5:00

Nordy

  • Race: Protoss Protoss
  • League: Diamond
  • Spawn Location: 11:00

VOD

Have the link to the VOD?

Description

Time

  • Played on: Nov. 28, 2018, 10:45 a.m.
  • Length: 13:48
Show
View Real Time Build Order
Export as new Build Order

deribou Terran - Winner!

Build Orders:  

Get SALT Encoding   

  12  0:01  SCV  
  13  0:13  SCV  
  14  0:18  Supply Depot  
  14  0:25  SCV  
  15  0:41  Barracks  
  15  0:50  Barracks  
  15  0:53  SCV  
  16  0:59  Refinery  
  16  1:05  SCV  
  17  1:12  Refinery  
  17  1:17  SCV  
  18  1:30  Supply Depot  
  18  1:36  Orbital Command  
  18  1:42  Reaper  
  19  1:47  Barracks Tech Lab  
  19  2:02  SCV  
  19  2:06  Marauder, Concussive Shells  
  22  2:14  SCV  
  23  2:16  Reaper  
  24  2:26  SCV  
  27  2:30  Marauder  
  27  2:39  SCV  
  28  2:45  Factory  
  28  2:53  Marauder, SCV  
  31  2:58  Supply Depot  
  31  3:00  Supply Depot  
  31  3:06  Stimpack  
  31  3:12  Bunker  
  30  3:23  Reaper  
  30  3:24  Marauder  
  33  3:39  SCV  
  33  3:41  Factory Tech Lab  
  34  3:45  Starport  
  34  3:55  SCV  
  35  4:08  SCV  
  36  4:16  Bunker  
  36  4:17  Liberator  
  32  4:25  SCV  
  30  4:37  SCV  
  34  4:43  Marine  
  34  4:45  Barracks Reactor  
  33  4:49  Siege Tank, SCV  
  35  4:57  Command Center  
  35  5:01  SCV  
  35  5:03  Bunker  
  36  5:13  SCV  
  37  5:24  Siege Tank  
  37  5:25  Marine, SCV  
  42  5:31  Barracks  
  42  5:36  Marine  
  42  5:38  SCV  
  42  5:39  Engineering Bay  
  44  5:47  Starport Tech Lab  
  44  5:50  SCV  
  44  5:53  Supply Depot  
  44  5:55  Supply Depot  
  44  5:57  Supply Depot  
  45  6:09  Siege Tank  
  45  6:10  Terran Infantry Weapons Level 1  
  48  6:11  Orbital Command  
  48  6:14  Refinery  
  48  6:15  Refinery  
  45  6:19  Barracks Tech Lab  
  45  6:26  SCV  
  46  6:33  Missile Turret  
  46  6:34  Missile Turret  
  46  6:37  Raven  
  46  6:38  SCV  
  46  6:39  Missile Turret  
  49  6:41  Barracks Reactor  
  49  6:43  Barracks Tech Lab  
  49  6:46  SCV  
  50  6:50  SCV  
  51  6:57  Marine x2  
  51  6:59  Marine  
  54  7:02  Combat Shield  
  54  7:04  Marauder  
  54  7:06  Widow Mine  
  54  7:08  SCV x2  
  60  7:13  Barracks  
  60  7:17  Marine x2  
  60  7:20  SCV x2  
  64  7:27  Medivac  
  66  7:30  Marauder x2  
  66  7:31  Siege Tank  
  66  7:33  SCV x2  
  75  7:40  Marine x2  
  77  7:52  SCV x2  
  79  8:02  Marine x2  
  79  8:03  Marine, Siege Tank  
  85  8:16  Command Center  
  85  8:25  Supply Depot x2  
  85  8:27  Marine  
  86  8:41  Supply Depot  
  86  8:42  Supply Depot  
  86  8:46  Marine x2, Medivac  
  86  8:47  Widow Mine, Marauder x2  
  96  8:51  Marine  
  97  9:08  Supply Depot, Marauder  
  97  9:09  Marauder, Supply Depot  
  95  9:12  Marine x3  
  87  9:22  Widow Mine, Medivac  
  78  9:30  Marine x3, Marauder x2, Orbital Command  
  85  9:33  SCV x2  
  85  9:34  Armory  
  83  9:45  SCV  
  84  9:46  Terran Infantry Armor Level 1  
  84  9:48  Marine  
  84  9:51  Marauder x2, SCV  
  84  9:52  Medivac  
  92  9:57  SCV  
  92  9:58  Starport  
  93  10:01  SCV  
  93  10:03  SCV  
  93  10:04  Barracks Reactor  
  93  10:06  Fusion Core  
  95  10:08  Marine  
  95  10:09  Marine, SCV  
  95  10:11  Widow Mine  
  95  10:13  SCV  
  101  10:15  SCV  
  101  10:18  Refinery  
  101  10:20  Refinery  
  102  10:21  SCV  
  102  10:25  SCV  
  102  10:27  SCV  
  105  10:28  Marine x2  
  105  10:29  Barracks  
  105  10:31  Barracks  
  105  10:34  SCV  
  108  10:36  Drilling Claws  
  108  10:37  Starport Reactor, SCV  
  109  10:46  Marine x2, Marauder  
  109  10:47  Widow Mine, Medivac  
  109  10:48  SCV  
  109  10:49  SCV x2  
  120  11:01  SCV x2  
  120  11:03  Marine x3  
  121  11:08  Marauder  
  121  11:09  Marine x2  
  118  11:14  Widow Mine, Viking  
  118  11:15  Viking  
  118  11:17  Medivac  
  124  11:21  Marine x2  
  124  11:22  Marauder  
  124  11:25  Marine x2  
  120  11:27  Marine x2  
  120  11:29  Marauder  
  108  11:39  Marine x2  
  101  11:43  Marine x2, Marauder  
  101  11:44  Viking  
  101  11:45  Marine, Viking  
  101  11:46  Marine  
  101  11:47  Widow Mine, Medivac  
  101  11:51  Marauder  
  98  11:57  Marine x2  
  98  12:01  Marine x2  
  99  12:03  Marine  
  99  12:04  Marine  
  99  12:05  Marauder  
  97  12:10  SCV x3  
  97  12:12  Marauder  
  97  12:14  Marine x2, Viking  
  106  12:18  Marine  
  107  12:23  Marine  
  107  12:24  Marine x2  
  107  12:25  Widow Mine, Medivac  
  107  12:26  Marauder  
  116  12:32  Marine  
  116  12:41  Marine x3  
  117  12:44  Marine x2  
  117  12:45  Marine  
  117  12:47  Marauder  
  118  12:57  Marine  
  112  12:59  Marine x2  
  112  13:00  Marauder  
  112  13:04  Marine x3  
  109  13:09  Marauder  
  103  13:14  Marine  
  103  13:16  Marine  
  103  13:17  Marine  
  102  13:21  Marauder  
  102  13:22  Marine x3  
  102  13:24  Widow Mine  
Show
View Real Time Build Order
Export as new Build Order

Nordy Protoss 

Build Orders: 1 Gate Expand 

Get SALT Encoding   

  12  0:01  Probe  
  13  0:13  Probe  
  14  0:17  Pylon  
  14  0:25  Probe  
  15  0:34  Probe  
  15  0:38  Gateway  
  16  0:43  Probe  
  16  0:48  Assimilator  
  17  0:51  Probe  
  18  1:03  Probe  
  19  1:15  Probe  
  20  1:27  Nexus  
  20  1:36  Cybernetics Core  
  20  1:46  Pylon  
  20  1:47  Assimilator  
  20  1:51  Probe  
  21  2:03  Probe  
  21  2:04  Adept  
  24  2:16  Warp Gate  
  24  2:18  Probe  
  24  2:29  Robotics Facility  
  24  2:30  Probe  
  24  2:35  Stalker  
  27  2:42  Probe  
  27  2:43  Probe  
  29  2:54  Probe  
  29  2:57  Gateway  
  31  2:58  Probe  
  31  3:06  Probe  
  31  3:10  Probe  
  31  3:11  Stalker  
  33  3:14  Immortal  
  32  3:34  Stalker  
  32  3:35  Stalker  
  35  4:14  Pylon, Immortal  
  35  4:17  Pylon  
  35  4:18  Pylon  
  35  4:34  Stalker x2  
  33  4:39  Probe x2  
  35  4:51  Probe x2  
  37  4:53  Pylon  
  37  4:57  Immortal  
  37  5:03  Probe x2  
  43  5:15  Probe  
  43  5:17  Shield Battery  
  43  5:19  Probe  
  45  5:26  Gateway  
  45  5:27  Probe  
  46  5:29  Observer  
  46  5:31  Probe  
  47  5:39  Probe, Twilight Council  
  49  5:44  Probe  
  50  5:50  Gateway  
  50  5:51  Probe  
  50  5:56  Probe  
  52  5:57  Stalker  
  52  5:59  Stalker  
  54  6:07  Probe  
  54  6:08  Probe  
  54  6:19  Probe  
  54  6:20  Probe, Charge  
  56  6:31  Probe  
  56  6:32  Probe, Observer  
  59  6:35  Stalker x2  
  63  6:46  Zealot x2  
  67  6:47  Probe  
  67  6:48  Probe  
  69  7:03  Nexus  
  69  7:05  Pylon x2  
  69  7:08  Assimilator  
  69  7:10  Assimilator  
  69  7:18  Templar Archives  
  69  7:20  Probe  
  70  7:23  Probe  
  70  7:25  Zealot, Pylon  
  73  7:32  Probe  
  73  7:35  Probe  
  75  7:44  Probe  
  76  7:45  Stargate  
  76  7:46  Stargate  
  76  7:47  Probe  
  77  7:56  Probe  
  78  7:59  Probe, Observer  
  79  8:06  Stalker  
  79  8:07  Stalker x2  
  79  8:08  Probe  
  79  8:11  Probe  
  87  8:16  Zealot  
  88  8:32  Zealot x3  
  94  8:47  Probe x3  
  97  8:53  Gateway  
  97  8:55  Gateway  
  97  8:56  Fleet Beacon  
  97  8:59  Gateway  
  97  9:07  Zealot x4  
  79  9:27  Zealot  
  79  9:28  Zealot x3  
  83  9:32  Probe x3  
  83  9:34  Warp Prism  
  83  9:38  Tempest x2  
  94  9:53  Probe x3  
  97  10:02  Assimilator, Pylon  
  97  10:04  Assimilator  
  97  10:05  Probe x2  
  97  10:06  Pylon  
  99  10:09  Pylon  
  99  10:12  Pylon  
  99  10:13  Tempest  
  99  10:15  Tempest  
  99  10:16  Gateway  
  99  10:17  Gateway  
  99  10:20  Pylon  
  99  10:26  Zealot  
  111  10:39  Probe  
  111  10:40  Probe x2  
  114  10:47  Zealot x2  
  114  10:48  Zealot x5  
  107  11:13  Zealot x4  
  107  11:14  Zealot x5  
  125  11:20  Tempest  
  125  11:21  Tempest  
  115  11:36  Zealot x4  
  115  11:37  Zealot x2  
  115  11:48  Zealot x2  
  115  11:49  Zealot  
  107  11:58  Zealot x3  
  107  11:59  Zealot x3  
  109  12:08  Psionic Storm  
  92  12:12  Zealot x3  
  98  12:19  Tempest  
  98  12:21  Gateway  
  103  12:30  Zealot x4  
  107  12:43  Zealot x2  
  105  12:44  Zealot  
  105  12:51  Zealot x3  
  105  12:52  Zealot x2  
  101  13:05  Zealot x3  
  69  13:20  Zealot  
  69  13:21  Zealot  
  57  13:39  Zealot x2  
  57  13:40  Zealot  
Tags
 
Add a new tag
Caveats
  • Supply blocks, unpowered buildings, or Contaminate may cause inaccurate times.
  • Supply counts are checked every 10 seconds.